 Dungeon Crawl Stone Soup version 0.31.0-12-g77e489cdc1 (webtiles) character file.

Game seed: 3932427193921013177

18270 spaghetti the Blocker (level 12, -9/133 HPs)
             Began as an Oni Fighter on Feb 25, 2024.
             Was a High Priest of Elyvilon.
             Mangled by Azrael
             ... wielding a +4 scimitar of flaming
              (13 damage)
             ... on level 12 of the Dungeon.
             The game lasted 00:12:56 (12239 turns).

spaghetti the Blocker (Oni Fighter)                Turns: 12239, Time: 00:12:57

Health: -9/133     AC:  4    Str: 31    XL:     12   Next: 56%
Magic:  12/19      EV: 13    Int:  4    God:    Elyvilon [*****.]
Gold:   798        SH: 30    Dex:  7    Spells: 11/11 levels left

rFire   + . .        g - +6 broad axe (venom)
rCold   + + .        w - +10 tower shield of Ignorance {rN+ Int-4}
rNeg    + + .        a - +0 robe
rPois   +            y - -2 hat of the Alchemist {rElec rPois rF+ rC+ rN+ Will+ rMut rCorr}
rElec   +            h - +0 cloak
rCorr   +            (gloves unavailable)
SInv    .            (boots unavailable)
Will    ++...        F - amulet of reflection
Stlth   +            n - ring of protection from cold
HPRegen 0.42/turn    x - +5 ring of evasion
MPRegen 0.16/turn

%: reflection, resist mutation
@: no status effects
A: large, unfitting armour, horns 1, tough skin 1, double potion healing,
drunken brawling, iridescent scales 1, strong 1, noise suppression
a: Renounce Religion, Purification, Heal Other, Heal Self, Divine Vigour


You were on level 12 of the Dungeon.
You worshipped Elyvilon.
Elyvilon was extremely pleased with you.
You visited 1 branch of the dungeon, and saw 12 of its levels.
You also visited: Bailey.

You collected 968 gold pieces.
You spent 170 gold pieces at shops.

Inventory:

Hand Weapons
 g - a +6 broad axe of venom (weapon)
Missiles
 C - 4 throwing nets (quivered)
 D - 5 curare-tipped darts
 J - 4 javelins
Armour
 a - a +0 robe (worn)
 h - a +0 cloak (worn)
 w - the +10 tower shield of Ignorance (worn) {rN+ Int-4}
   (You acquired it in a bailey)

   Int-4:     It affects your intelligence (-4).
   rN+:       It protects you from negative energy.
 y - the -2 hat of the Alchemist (worn) {rElec rPois rF+ rC+ rN+ Will+ rMut rCorr}
   (You found it in a bailey)

   rF+:       It protects you from fire.
   rC+:       It protects you from cold.
   rElec:     It insulates you from electricity.
   rPois:     It protects you from poison rN+: It protects you from negative
   energy.
   Will+:     It increases your willpower.
   rCorr:     It protects you from acid and corrosion.
   rMut:      It protects you from mutation.
Jewellery
 b - a ring of poison resistance
 n - a ring of protection from cold (left hand)
 x - a +5 ring of evasion (right hand)
 E - a ring of protection from fire
 F - an amulet of reflection (around neck)
Wands
 d - a wand of mindburst (6)
 j - a wand of roots (18)
 l - a wand of light (10)
 o - a wand of paralysis (8)
Scrolls
 k - 2 scrolls of teleportation
 m - 2 scrolls of enchant armour
 q - 2 scrolls of fog
 s - a scroll of revelation
 t - a scroll of poison
 u - 5 scrolls of identify
 G - a scroll of enchant weapon
 H - a scroll of noise {unknown}
 I - a scroll of acquirement
Potions
 c - 2 potions of might
 e - 3 potions of degeneration
 f - a potion of lignification
 i - a potion of heal wounds
 p - a potion of berserk rage
 r - 3 potions of mutation
 v - 2 potions of enlightenment
 z - 2 potions of curing
 A - 2 potions of magic
 B - 2 potions of haste


   Skills:
 - Level 12.5 Fighting
 - Level 9.0 Axes
 - Level 2.6 Dodging
 + Level 12.8 Shields
 - Level 2.1 Unarmed Combat
 - Level 9.7 Invocations


You had 11 spell levels left.
You didn't know any spells.
Your spell library contained the following spells:

 Spells                   Type           Power      Damage    Failure   Level
 Apportation              Tloc           0%         N/A       78%         1
 Magic Dart               Conj           0%         1d3       78%         1
 Necrotise                Necr           0%         1d4       78%         1
 Sandblast                Erth           0%         2d4       78%         1
 Sting                    Conj/Alch      0%         1d3       78%         1
 Summon Small Mammal      Summ           0%         N/A       78%         1
 Blink                    Tloc           0%         N/A       89%         2
 Call Imp                 Summ           0%         N/A       89%         2
 Ensorcelled Hibernation  Hex/Ice        0%         N/A       89%         2
 Searing Ray              Conj           0%         2d4       89%         2
 Static Discharge         Conj/Air       0%         3-3/arc   89%         2
 Call Canine Familiar     Summ           0%         N/A       98%         3
 Frozen Ramparts          Ice            0%         1d1       98%         3
 Fugue of the Fallen      Necr           0%         N/A       98%         3
 Passwall                 Erth           0%         N/A       98%         3
 Sigil of Binding         Hex            0%         N/A       98%         3
 Stone Arrow              Conj/Erth      0%         3d7       98%         3
 Airstrike                Air            0%         2d(0-16)  100%        4
 Anguish                  Hex/Necr       0%         N/A       100%        4
 Brom's Barrelling Bould  Conj/Erth      0%         2d3       100%        4
 Dimensional Bullseye     Hex/Tloc       0%         N/A       100%        4
 Fulminant Prism          Conj/Alch      0%         3d5       100%        4
 Leda's Liquefaction      Alch/Erth      0%         N/A       100%        4
 Petrify                  Alch/Erth      0%         N/A       100%        4
 Summon Lightning Spire   Summ/Air       0%         N/A       100%        4
 Fireball                 Conj/Fire      0%         3d3       100%        5
 Iskenderun's Battlesphe  Conj           0%         2d6       100%        5
 Metabolic Englaciation   Hex/Ice        0%         N/A       100%        5
 Conjure Ball Lightning   Conj/Air       0%         3x3d6     100%        6
 Orb of Destruction       Conj           0%         9d5       100%        7


Dungeon Overview and Level Annotations

Branches:
Dungeon (12/15)            Temple (0/1) D:6             Orc (0/2) D:9
 Bailey (visited)
   Lair: D:8-11

Altars:
Cheibriados
Dithmenos
Elyvilon
Gozag
Hepliaklqana
Makhleb
Nemelex Xobeh
Okawaru
Qazlal
Ru
Sif Muna
Trog
Uskayaw
Vehumet
Xom
Yredelemnul
Zin

Shops:
D:5 *   D:6 [   D:9 ?*   D:10 *

Annotations:
D:12 Azrael


Innate Abilities, Weirdness & Mutations

You are too large for most types of armour.
You have a pair of small horns on your head.
You have tough skin. (AC +1)
You gain doubled healing and magic from potions.
Whenever you drink a healing potion, you attack all around you.
You are partially covered in iridescent scales. (AC +2)
Your muscles are strong. (Str +4, Int/Dex -1)
You passively dampen the noise of your surroundings.


Message History

The hell hound bites you! The hell hound barely misses you.
Unknown command.
Unknown command.
Press: ? - help, Dir - move target, f/p - hell hound Heal: a hell hound (chance to pacify: 79%)
The hell hound turns neutral.
You block the hell hound's attack.
You block the fire elemental's attack. x3
Unknown command.
Unknown command.
Unknown command.
You closely miss the hell hound.
The hell hound is heavily wounded.
You slash Azrael!
Azrael is poisoned.
You completely miss the fire elemental. You slash the fire elemental!
You destroy the fire elemental!
You barely miss the fire elemental. You block the hell hound's attack.
You block the fire elemental's attack. x2; You block the hell hound's attack.
Azrael hits you with a +4 scimitar of flaming!
* * * LOW HITPOINT WARNING * * *
Azrael burns you.
* * * LOW HITPOINT WARNING * * *
The fire elemental hits you. The fire elemental burns you! You resist.
* * * LOW HITPOINT WARNING * * *
The fire elemental misses you.
You slash the hell hound!
The hell hound is poisoned.
The hell hound is almost dead.
You closely miss the fire elemental. You hit Azrael.
You hit the fire elemental. You block the hell hound's attack.
You block the fire elemental's attack.
Azrael hits you with a +4 scimitar of flaming!!
* * * LOW HITPOINT WARNING * * *
Azrael burns you.
* * * LOW HITPOINT WARNING * * *
You block the fire elemental's attack. You block the hell hound's attack.
The fire elemental barely misses you. The fire elemental hits you.
* * * LOW HITPOINT WARNING * * *
The fire elemental burns you! You resist. Elyvilon protects you from harm!
Azrael hits you with a +4 scimitar of flaming!
You die...

#.................##
+.................#.
#.................#.
#.................#.
+.................+.
#.................#.
#.................#.
+####.E......h........#.
.......@..######.....##.
......EhR.# #.....#..
.......°..# #.....#..
..........# #.....)..
..........# #.....#..
..........# #.....#..
..........# #.....#..
..........# #....<###
#........


You could see Azrael (very poisoned), 2 fire elementals, a hell hound (very
poisoned) and a neutral hell hound (wandering).

Vanquished Creatures
  A two-headed ogre (D:10)
  Harold (D:10)
  Erica (D:10)
  2 boulder beetles
  A centaur warrior (D:12)
  Sonja (D:10)
  Urug (D:12)
  Lodul (D:12)
  A cyclops (D:9)
  2 ugly things
  A gargoyle (D:10)
  An unseen horror (D:11)
  A komodo dragon (D:12)
  3 trolls
  A hornet (D:9)
  Sigmund (D:2)
  A vampire (D:11)
  A wyvern (D:9)
  A shadow (D:11)
  A wraith (D:7)
  12 yaks
  A fire elemental (D:12)
  3 steam dragons
  Edmund (D:6)
  An acid dragon (D:10)
  3 water moccasins
  A hell hound (D:12)
  14 orc warriors
  2 black bears
  3 ice beasts
  9 ogres
  3 centaurs
  A phantom (D:5)
  8 kobold brigands
  3 bullfrogs
  4 gnoll sergeants
  10 wights
  3 killer bees (D:8)
  2 bombardier beetles
  A hound (D:7)
  2 orc priests
  3 jellies
  A sleepcap (D:7)
  An iguana (D:5)
  12 orc wizards
  21 gnolls
  8 adders
  A shadow imp (D:6)
  2 dart slugs
  2 ribbon worms
  44 orcs
  6 endoplasms
  A giant cockroach (D:1)
  13 goblins
  13 hobgoblins
  3 jackals (D:1)
  3 quokkas
  4 ball pythons
  4 bats
  3 frilled lizards
  20 kobolds
  2 rats
278 creatures vanquished.

Vanquished Creatures (others)
  An acid dragon (D:12)
  2 orc warriors
  A gnoll sergeant (D:9)
  A gnoll (D:9)
  3 orcs (D:9)
8 creatures vanquished.

Grand Total: 286 creatures vanquished

Notes
Turn   | Place    | Note
-------+----------+-------------------------------------------
     0 | D:1      | spaghetti the Oni Fighter began the quest for the Orb.
     0 | D:1      | Reached XP level 1. HP: 24/24 MP: 1/1
   297 | D:1      | Reached XP level 2. HP: 32/32 MP: 2/2
   368 | D:1      | Reached skill level 1 in Axes
   738 | D:2      | Noticed Sigmund
   752 | D:2      | Killed Sigmund
   753 | D:2      | Reached XP level 3. HP: 44/44 MP: 3/3
   753 | D:2      | Reached XP level 4. HP: 52/52 MP: 4/4
   753 | D:2      | Reached XP level 5. HP: 59/59 MP: 5/5
  1162 | D:2      | Found a faded altar of an unknown god.
  1169 | D:2      | Prayed at the altar of an unknown god.
  1169 | D:2      | Became a worshipper of Elyvilon the Healer
  1169 | D:2      | Reached * piety under Elyvilon
  1567 | D:3      | Found a white marble altar of Elyvilon.
  1694 | D:3      | Found a shadowy altar of Dithmenos.
  1719 | D:3      | Reached XP level 6. HP: 68/68 MP: 6/6
  1762 | D:3      | Found the +7 Throatcutter {drain, coup de grace}
  1801 | D:3      | Found a snail-covered altar of Cheibriados.
  1833 | D:3      | Reached ** piety under Elyvilon
  2156 | D:4      | Reached skill level 1 in Invocations
  2467 | D:4      | Noticed a black bear
  2479 | D:4      | Killed a black bear
  2806 | D:4      | Found a radiant altar of Vehumet.
  2824 | D:4      | Reached *** piety under Elyvilon
  3077 | D:5      | Entered Level 5 of the Dungeon
  3112 | D:5      | Reached XP level 7. HP: 23/78 MP: 5/9
  3456 | D:5      | Reached skill level 5 in Axes
  3473 | D:5      | Reached XP level 8. HP: 69/88 MP: 11/11
  3619 | D:5      | Found Juelatt's Lightly-Used Armoury.
  3820 | D:5      | Found a sparkling altar of Nemelex Xobeh.
  3831 | D:5      | Reached skill level 5 in Invocations
  3848 | D:5      | Reached **** piety under Elyvilon
  4673 | D:6      | Found Tegusak's Antique Armour Shoppe.
  4826 | D:6      | Noticed Edmund
  4838 | D:6      | Killed Edmund
  5015 | D:6      | Reached XP level 9. HP: 84/101 MP: 13/13
  5289 | D:6      | Reached skill level 10 in Fighting
  5469 | D:6      | Found a staircase to the Ecumenical Temple.
  5472 | D:6      | Gained mutation: You are partially covered in iridescent
                  | scales. (AC +2) [potion of mutation]
  5472 | D:6      | Gained mutation: Your muscles are strong. (Str +4, Int/Dex
                  | -1) [potion of mutation]
  5472 | D:6      | Gained mutation: You passively dampen the noise of your
                  | surroundings. [potion of mutation]
  5720 | D:7      | Found a bloodstained altar of Trog.
  5923 | D:7      | Noticed a boulder beetle
  5923 | D:7      | Noticed a troll
  5926 | D:7      | Noticed a purple ugly thing
  5930 | D:7      | Killed a troll
  5936 | D:7      | Killed a purple ugly thing
  5948 | D:7      | Killed a boulder beetle
  5949 | D:7      | Reached XP level 10. HP: 36/115 MP: 10/16
  6841 | D:7      | Found a hide-covered altar of Uskayaw.
  6885 | D:7      | Found a shimmering blue altar of Sif Muna.
  6912 | D:7      | Got Sif Muna's Textbook on Malisons
  7332 | D:8      | Found an iron altar of Okawaru.
  7344 | D:8      | Found a flagged portal.
  7354 | Bailey   | Entered a bailey
  7731 | Bailey   | Acquired the +10 tower shield of Ignorance {rN+ Int-4}
  7731 | Bailey   | Found the +10 tower shield of Ignorance {rN+ Int-4}
  7760 | Bailey   | Found an iron altar of Okawaru.
  7760 | Bailey   | Noticed a kobold demonologist
  7760 | Bailey   | Noticed a kobold demonologist
  7764 | Bailey   | Noticed a soul eater
  7769 | Bailey   | Noticed an orange demon
  7770 | Bailey   | Pacified a kobold demonologist
  7771 | Bailey   | Pacified a kobold demonologist
  7932 | Bailey   | Found the -2 hat of the Alchemist {rElec rPois rF+ rC+ rN+
                  | Will+ rMut rCorr}
  7967 | Bailey   | Identified the +10 short sword of the Green God {vamp,
                  | rCorr}
  8191 | Bailey   | Reached skill level 5 in Shields
  8520 | D:8      | Found an opulent altar of Gozag.
  8929 | D:9      | Found Jypal's Assorted Antiques.
  8934 | D:9      | Reached XP level 11. HP: 120/124 MP: 18/18
  8952 | D:9      | Paralysed by a hornet for 1 turns
  9058 | D:9      | Bought a knobbly bone ring for 170 gold pieces
  9084 | D:9      | Found a staircase to the Orcish Mines.
  9431 | D:9      | Found a stormy altar of Qazlal.
  9644 | D:9      | Noticed a cyclops
  9652 | D:9      | Killed a cyclops
  9725 | D:9      | Found Hatzoxue's Magic Scroll Shop.
 10096 | D:10     | Entered Level 10 of the Dungeon
 10096 | D:10     | Noticed Harold
 10103 | D:10     | Killed Harold
 10193 | D:10     | Found a hazy altar of Hepliaklqana.
 10194 | D:10     | Found a shimmering altar of Xom.
 10213 | D:10     | Noticed Sonja
 10214 | D:10     | Noticed a two-headed ogre
 10222 | D:10     | Killed a two-headed ogre
 10224 | D:10     | Killed Sonja
 10416 | D:10     | Found a sacrificial altar of Ru.
 10510 | D:10     | Noticed Erica
 10519 | D:10     | Killed Erica
 10520 | D:10     | Reached skill level 10 in Shields
 10638 | D:10     | Found Zin's Purification Station.
 10643 | D:10     | Found a glowing silver altar of Zin.
 10684 | D:10     | Reached ***** piety under Elyvilon
 10808 | D:10     | Found a burning altar of Makhleb.
 11368 | D:11     | Reached XP level 12. HP: 52/133 MP: 19/19
 11702 | D:11     | You fall into a shaft and drop 1 floor!
 11946 | D:12     | Noticed Lodul
 11955 | D:12     | Killed Lodul
 12035 | D:12     | Noticed a centaur warrior
 12036 | D:12     | Killed a centaur warrior
 12052 | D:12     | Noticed Urug
 12058 | D:12     | Killed Urug
 12090 | D:12     | Found a basalt altar of Yredelemnul.
 12090 | D:12     | Noticed a boulder beetle
 12097 | D:12     | Killed a boulder beetle
 12227 | D:12     | Noticed Azrael
 12239 | D:12     | HP: 5/133 [Azrael/+4 scimitar of flaming (4)]
 12239 | D:12     | Elyvilon protects you from harm!
 12239 | D:12     | Mangled by Azrael

Illustrated notes

Levels and vault maps discovered:
D:1:      evilmike_arrival_plus, layout_basic, minmay_strange_pillars,
          nicolae_figureground_sparkle
D:2:      layout_basic, hellmonk_ecumenical_altar_slurped_away, uniq_sigmund
D:3:      layout_loops_ring, lemuel_crystal_altar, elyvilon_altar_1,
          lemuel_doored_altar
D:4:      layout_basic, old_standard_altar, serial_glass, glass_columns_b,
          glass_columns_b, item_on_display_a, due_unseen_surprise,
          minmay_strange_pillars
D:5:      layout_layer_cave, nemelex_diamond_rough_becter,
          serial_library_hellmonk_angled_corner, minmay_shop_damaged
D:6:      layout_rooms, minmay_temple_entry_drinking_statues, serial_shops,
          nicolae_shop_overgrown_old_shop, amcnicky_mini_pool_small, uniq_edmund
D:7:      minmay_the_grid_four_pointed_star
          [minmay_the_grid_triangle_9x9_dagger,
          minmay_the_grid_triangle_9x9_odd_lines,
          minmay_the_grid_triangle_9x9_longest,
          minmay_the_grid_triangle_9x9_impossible_snake,
          minmay_the_grid_prize_inner_circle], layout_rooms,
          nzn_overflow_gifts_of_might_and_magic, lemuel_round_altar
D:8:      layout_basic, kennysheep_little_box, lemuel_crystal_altar,
          enter_bailey_3
D:9:      layout_long_grid, mainiacjoe_overflow_tiny_flanked,
          kennysheep_orc_monster_closet_entryway, serial_shops, shop,
          shop_statue, water_boxes_lemuel
D:10:     cheibrodos_steamvent, layout_irregular_city,
          regret_index_temple_of_mockery, mainiacjoe_overflow_surrounded_room,
          zin_purify, lemuel_tele_altar, uniq_erica, uniq_harold, uniq_sonja
D:11:     layout_rooms, erik_lair_orcish_takeover, glass_columns_a
D:12:     layout_gridville, kennysheep_path_1, yredelemnul_altar_generic,
          uniq_psyche, uniq_azrael, uniq_urug, uniq_lodul

Skill      XL: |  1  2  3  4  5  6  7  8  9 10 11 12 |
---------------+-------------------------------------+-----
Unarmed Combat | 2 |  2.1
Axes           | 3 4 5 6 8 9 |  9.0
Fighting       | 6 7 8 9 11 12 | 12.5
Invocations    | 2 4 6 8 9 |  9.7
Shields        | 6 10 12 | 12.8
Dodging        | |  2.6

Action                     |  1- 3 |  4- 6 |  7- 9 | 10-12 || total
---------------------------+-------+-------+-------+-------++-------
  Melee: Unarmed           |    13 |       |       |       ||    13
         Broad axe         |    24 |    83 |   129 |   355 ||   591
         Headbutt          |     3 |    11 |    21 |    65 ||   100
 Invoke: Purification      |       |     1 |     1 |       ||     2
         Heal Self         |       |       |     2 |     1 ||     3
         Heal Other        |       |       |     1 |    13 ||    14
    Use: Potion            |     2 |     5 |     4 |     5 ||    16
         Scroll            |       |     4 |     3 |     5 ||    12
 Armour: Robe              |    22 |    76 |   114 |   201 ||   413
  Dodge: Dodged            |    13 |    32 |    40 |    99 ||   184
  Block: Kite shield       |    22 |    35 |    63 |    26 ||   146
         Tower shield      |       |       |       |   391 ||   391
         Reflection        |       |       |       |     5 ||     5
